 Dungeon Crawl Stone Soup version 0.30-a0-365-ge7f957f1db (webtiles) character file.

Game seed: 9044588031646508637

92 mopl the Caller (level 4, -12/24 HPs)
             Began as a Tengu Summoner on Nov 16, 2022.
             Mangled by a goblin
             ... wielding a +1 dagger of distortion
              (15 damage)
             ... on level 3 of the Dungeon.
             The game lasted 00:02:28 (1522 turns).

mopl the Caller (Tengu Summoner)                    Turns: 1522, Time: 00:02:28

Health: -12/24     AC:  2    Str:  8    XL:     4   Next: 60%
Magic:  6/9        EV: 12    Int: 18    God:
Gold:   101        SH:  0    Dex: 14    Spells: 0/9 levels left

rFire   . . .      SeeInvis +    d - +0 spear
rCold   . . .      Faith    .    (no shield)
rNeg    . . .      Spirit   .    a - +0 robe
rPois   .          Reflect  .    (helmet restricted)
rElec   .          Harm     .    (no cloak)
rCorr   .          Rampage  .    (no gloves)
Will    .....                    (boots unavailable)
Stlth   ++........               f - amulet of regeneration
HPRegen 1.04/turn                u - ring of see invisible
MPRegen 0.11/turn                (no ring)

@: very slightly contaminated
A: beak, talons 3
a: no special abilities


You were on level 3 of the Dungeon.
You visited 1 branch of the dungeon, and saw 3 of its levels.

You collected 101 gold pieces.

Inventory:

Hand Weapons
 d - a +0 spear (weapon)
 v - the +6 sling of the Equinox {speed, rF- Will+ rCorr Int+8}
   (You found it on level 3 of the Dungeon)

   Attacks with this weapon are significantly faster.
   Int:       It affects your intelligence (+8).
   rF:        It makes you vulnerable to fire.
   rCorr:     It protects you from acid and corrosion.
   Will:      It increases your willpower.
Missiles
 j - 5 boomerangs
 k - 6 poisoned darts
Armour
 a - a +0 robe (worn)
Magical Staves
 t - a staff of poison
Jewellery
 f - an amulet of regeneration (around neck)
 g - an amulet of guardian spirit
 q - a ring of fire
 u - a ring of see invisible (left hand)
Scrolls
 c - 3 scrolls of immolation {unknown}
 e - a scroll of teleportation {unknown}
 h - 2 scrolls of blinking {unknown}
 i - a scroll of noise {unknown}
 m - 3 scrolls of identify {unknown}
 n - a scroll of brand weapon {unknown}
Potions
 b - a potion of magic
 l - a potion of attraction {unknown}
 o - a potion of heal wounds {unknown}
 p - a potion of curing {unknown}
 r - 2 potions of invisibility {unknown}
 s - a potion of brilliance {unknown}


   Skills:
 - Level 2.1 Dodging
 - Level 2.0 Stealth
 + Level 3.3 Spellcasting
 + Level 0.2 Hexes
 + Level 6.0 Summonings


You couldn't memorise any spells.
You knew the following spells:

 Your Spells              Type           Power      Damage    Failure   Level
a - Summon Small Mammal   Summ           96%        N/A       1%          1
b - Call Imp              Summ           24%        N/A       1%          2
c - Call Canine Familiar  Summ           24%        N/A       4%          3
g - Summon Guardian Gole  Hex/Summ       14%        N/A       13%         3

Your spell library contained the following spells:

 Spells                   Type           Power      Damage    Failure   Level
 Summon Lightning Spire   Summ/Air       13%        N/A       41%         4


Dungeon Overview and Level Annotations

Branches:
Dungeon (3/15)

Altars:
Makhleb

Annotations:
D:3 1 runed translucent door, gabibbone's ghost, weakling DsWn


Innate Abilities, Weirdness & Mutations

You have a beak for a mouth.
You have claws for feet.


Message History

v - the +6 sling of the Equinox {speed, rF- Will+ rCorr Int+8} You swap places.
There is an open door here.
Things that are here:
a +0 dagger; a goblin corpse As you open the door, it creaks loudly!
A jackal, a dart slug, 2 quokkas, a frilled lizard, 5 goblins and an endoplasm come into view.
A goblin is wielding a +1 dagger of distortion.
The goblin shouts! x2
The endoplasm quivers.
Your crimson imp blinks!
The jackal barks!
Found eight items.
Unknown command.
There are monsters nearby!
Casting: Call Imp (safe; 1% risk of failure)
Confirm with . or Enter, or press ? or * to list all spells.
The spell is quite dangerous to miscast (4% risk of failure)!
Continue anyway?
Okay, then.
There are monsters nearby!
Casting: Call Canine Familiar (quite dangerous; 4% risk of failure)
Confirm with . or Enter, or press ? or * to list all spells.
The spell is quite dangerous to miscast (4% risk of failure)!
Continue anyway?
You miscast Call Canine Familiar.
You are very lightly contaminated with residual magic.
Nothing appears to happen.
The goblin hits you with a +1 dagger of distortion.
Space warps horribly around you!!
Ouch! That really hurt!
* * * LOW HITPOINT WARNING * * *
The hobgoblin hits your crimson imp but does no damage.
The jackal barely misses your crimson imp.
The dart slug barely misses your crimson imp.
Your crimson imp hits the quokka.
The goblin attacks as you move away!
The goblin hits you with a +1 dagger of distortion.
* * * LOW HITPOINT WARNING * * *
Space warps horribly around you!
Ouch! That really hurt!
You die...

#.#.##.####.###.#......5..#
#.#.##.####.##.....#.####.#
#......#.....#..#.##.# #.#
###.###..###..)......# #.#
#...##.##.##.....#### #.5
#...##.#...#..############
#......##.##.....##.......
#...#†###§#....#(##.......
......##.†##@#####..##.......
.......#))..'#ggl[##..).......
#..>...#((..##r5h.?#.##.......
#####..##(.## ggwJ.#.##.......
#.. #### .r..$#.##....... #..
.. #(.?##....######
#.#####.##### #.....## .##
##.### #....##


You could see a dart slug, an endoplasm, 2 quokkas, a jackal, a hobgoblin, 3
goblins, a frilled lizard and a friendly crimson imp (summoned).

Vanquished Creatures
  An adder (D:2)
  A worm (D:2)
  An orc (D:3)
  5 endoplasms
  2 giant cockroaches (D:1)
  3 goblins
  5 hobgoblins
  2 jackals (D:1)
  2 kobolds
  3 quokkas
  4 ball pythons
  4 bats (D:1)
  4 frilled lizards
  5 rats
42 creatures vanquished.

Vanquished Creatures (collateral kills)
  2 adders (D:2)
  An orc (D:3)
  An endoplasm (D:3)
  A giant cockroach (D:3)
  A goblin (D:2)
  2 hobgoblins
  A kobold (D:2)
  A ball python (D:3)
  3 bats
13 creatures vanquished.

Vanquished Creatures (others)
  2 withered plants (D:3)
2 creatures vanquished.

Grand Total: 57 creatures vanquished

Notes
Turn   | Place    | Note
-------+----------+-------------------------------------------
     0 | D:1      | mopl the Tengu Summoner began the quest for the Orb.
     0 | D:1      | Reached XP level 1. HP: 10/10 MP: 4/4
   139 | D:1      | Reached skill level 5 in Summonings
   172 | D:1      | Reached XP level 2. HP: 15/15 MP: 6/6
   180 | D:1      | Learned a level 2 spell: Call Imp
   445 | D:1      | Reached XP level 3. HP: 19/19 MP: 7/7
   451 | D:1      | Learned a level 3 spell: Call Canine Familiar
   900 | D:2      | Reached skill level 3 in Spellcasting
   983 | D:2      | Reached XP level 4. HP: 24/24 MP: 6/9
  1244 | D:3      | Learned a level 3 spell: Summon Guardian Golem
  1259 | D:3      | Found a burning altar of Makhleb.
  1335 | D:3      | Found a runed translucent door.
  1335 | D:3      | Noticed gabibbone's ghost (weakling DsWn)
  1462 | D:3      | Reached skill level 6 in Summonings
  1515 | D:3      | Identified the +6 sling of the Equinox {speed, rF- Will+
                  | rCorr Int+8}
  1522 | D:3      | Mangled by a goblin

Illustrated notes

Levels and vault maps discovered:
D:1:      dpeg_arrival_snail, layout_basic
D:2:      layout_basic, nicolae_figureground_sparkle
D:3:      layout_loops_cross, mainiacjoe_overflow_cross_hatched,
          gammafunk_ghost_grave, minmay_joined_circles

Skill      XL: |  1  2  3  4 |
---------------+-------------+-----
Summonings     | 5 6 |  6.0
Spellcasting   | 3 |  3.3
Dodging        | |  2.1
Stealth        | |  2.0
Hexes          | |  0.2

Action                   |  1- 3 |  4- 6 || total
-------------------------+-------+-------++-------
Melee: Spear             |    84 |    38 ||   122
       Kick              |    21 |     5 ||    26
       Peck              |    13 |     3 ||    16
       Unarmed           |     2 |       ||     2
       Punch             |     1 |       ||     1
 Cast: Summon Small Mamm |     2 |       ||     2
       Call Imp          |     6 |     6 ||    12
 Stab: Sleeping          |     8 |     3 ||    11
Armor: Robe              |    14 |     2 ||    16
Dodge: Dodged            |    52 |    12 ||    64

Table legend: (Time is in decaauts)
 A = Elapsed time spent in this place.
 B = Non-inter-level travel time spent in this place.
 C = Inter-level travel time spent in this place.
 D = Time resting spent in this place.
 E = Time spent auto-exploring this place.
 F = Levels seen in this place.
 G = Mean time per level.
                   A        B        C        D        E       F      G
               +--------+--------+--------+--------+--------+-----+--------+
         Total |   1533 |   1495 |     38 |     16 |   1146 |   3 |  511.0 |
       Dungeon |   1533 |   1495 |     38 |     16 |   1146 |   3 |  511.0 |
               +--------+--------+--------+--------+--------+-----+--------+

Top non-repeatable levels by time:
     D:1: 633 daAuts
     D:2: 614 daAuts
     D:3: 285 daAuts
